[Event "XVII Profigaia Open 2017"]
[Site "Gaia"]
[Date "2017.06.15"]
[Round "2"]
[White "Marinho, Antonio Pedro"]
[Black "De Sousa Da Silva, Armando"]
[Result "1/2-1/2"]
[ECO "B23"]
[WhiteElo "1574"]
[BlackElo "1926"]
[Annotator "NA"]
[PlyCount "94"]
[EventDate "2017.??.??"]
[EventType "swiss"]
[EventCountry "POR"]
[SourceTitle "playchess.com"]
[Source "ChessBase"]
[SourceQuality "1"]
[TimeControl "5400+30"]

1. e4 c5 2. Nc3 a6 3. g3 b5 4. Bg2 Bb7 5. d3 e6 6. Be3 {[%emt 0:00:18] B23: Closed Sicilian: Lines without g3} (6. Nh3 b4 7. Ne2 d5 8. e5 Nc6 9. f4 Nh6 10. Nf2 Nf5 11. O-O Qb6 12. c3 Be7 13. g4 Nh4 14. Bh1 {0-1 (35) Yu,Y (2738)-Khismatullin,D (2639) Moscow 2017}) 6... d5 {[%emt 0:02:02] LiveBook: 3 Games} 7. exd5 exd5 {[%emt 0:00:02] [#]} (7... Nf6 $11 {remains equal.}) 8. Qf3 (8. Qe2 $1 $16) 8... Nf6 $146 ({Predecessor:} 8... Ra7 9. Nxd5 Ne7 10. c4 Nxd5 11. cxd5 Nd7 12. Qe4+ Be7 13. Bg5 f6 {½-½ (28) Nguyen,Q-Luong,N Ho Chi Minh City 2001}) 9. Bg5 Nbd7 (9... Be7 $1 $11) 10. Nxd5 Bxd5 {[%emt 0:00:21] [#]} 11. Qxd5 $1 Qe7+ 12. Ne2 Nxd5 13. Bxe7 Bxe7 14. Bxd5 Ra7 15. O-O O-O 16. Nf4 Bf6 17. c3 Nb6 18. Bg2 g6 19. Rfe1 Na4 20. Rab1 Rd7 21. Re2 (21. Nd5 $16 Kg7 22. Be4) 21... Rfd8 22. c4 Rd6 ({Black should play} 22... bxc4 $11 23. dxc4 Rd1+ 24. Rxd1 Rxd1+ 25. Bf1 Bxb2) 23. Nd5 Kg7 24. b4 bxc4 25. dxc4 cxb4 26. Rxb4 Nc3 27. Rc2 Nxd5 28. Bxd5 Bd4 29. Rb7 R8d7 30. Rxd7 Rxd7 31. Kf1 Bc5 32. Rb2 Rc7 33. Rb7 Rxb7 34. Bxb7 a5 35. Ke2 f5 36. f3 Kf6 37. Kd3 g5 38. h3 Ke5 39. Bc6 Bf2 40. g4 f4 41. Kc3 h6 42. Kb3 Kd6 43. Bd5 Be1 44. Kc2 Ke5 45. Be4 Kd4 46. Kb3 Bd2 47. Kc2 Be1 $11 {[%emt 0:00:11] Kd3+ Kd5 Kd4+} 1/2-1/2

[Event "XVII Profigaia Open 2017"]
[Site "Gaia"]
[Date "2017.06.15"]
[Round "2"]
[White "Sismeiro, Miguel"]
[Black "Duarte, Duarte"]
[Result "0-1"]
[ECO "B43"]
[WhiteElo "1528"]
[BlackElo "1916"]
[Annotator "NA"]
[PlyCount "68"]
[EventDate "2017.??.??"]
[EventType "swiss"]
[EventCountry "POR"]
[SourceTitle "playchess.com"]
[Source "ChessBase"]
[SourceQuality "1"]
[TimeControl "5400+30"]

1. e4 c5 2. Nf3 e6 3. d4 cxd4 4. Nxd4 a6 5. Nc3 Qc7 6. Be2 b5 7. O-O Bb7 8. Bf3 Bc5 {[%emt 0:07:51] B43: Sicilian: Kan Variation: 5 Nc3} (8... d6 9. Re1 Nd7 10. g3 Ngf6 11. Bg2 Be7 12. a3 O-O 13. g4 Nb6 14. g5 Nfd7 15. f4 Rfe8 16. f5 Bf8 17. fxe6 fxe6 {1-0 (36) Onischuk,V (2612)-Hou,Y (2671) Bastia 2015}) 9. Nb3 Bd6 $146 ({Predecessor:} 9... Bb6 10. Qe2 Ne7 11. Be3 Bxe3 12. Qxe3 O-O 13. Rad1 Ng6 14. Nc5 Bc6 15. Nd3 d6 16. Bh5 {1-0 (51) Fuskova,M (1969)-Bashaer,K (1630) Al Ain 2013}) 10. h3 Ne7 11. Be3 (11. Na5 $5 Bh2+ 12. Kh1 $11) 11... O-O 12. Bd4 (12. Qd2 $11 {remains equal.}) 12... Nbc6 13. Nc5 $2 (13. Bc5 $17 {is a better chance.} Bh2+ 14. Kh1) 13... Nxd4 14. Nxb7 Nxf3+ 15. Qxf3 Qxb7 16. Rad1 Be5 17. Rd3 Bxc3 18. Rxc3 Rac8 19. Rd1 Rxc3 20. Qxc3 d5 21. exd5 Nxd5 22. Qe5 h6 23. Rd3 Qb8 24. Qd4 Rc8 25. Rg3 g6 26. c3 Nf4 27. Qe3 Rd8 28. Rf3 Rd1+ 29. Kh2 Nd5+ 30. Rg3 Nxe3 31. fxe3 Re1 32. h4 Rxe3 33. Kg1 Qxg3 34. a4 Re1# 0-1

[Event "XVII Profigaia Open 2017"]
[Site "Gaia"]
[Date "2017.06.15"]
[Round "2"]
[White "Donghi, Fabio"]
[Black "Triunfante, Armando"]
[Result "0-1"]
[ECO "D37"]
[WhiteElo "1519"]
[BlackElo "1231"]
[Annotator "NA"]
[PlyCount "70"]
[EventDate "2017.??.??"]
[EventType "swiss"]
[EventCountry "POR"]
[SourceTitle "playchess.com"]
[Source "ChessBase"]
[SourceQuality "1"]
[TimeControl "5400+30"]

1. c4 Nf6 2. d4 d5 3. Nc3 e6 4. Nf3 h6 5. Bf4 Bb4 6. Qc2 O-O 7. g3 c5 8. Bg2 cxd4 9. Nxd4 Qb6 10. Be3 e5 11. Nf5 d4 12. Bxh6 Bxf5 13. Qxf5 gxh6 14. O-O dxc3 15. bxc3 Bxc3 16. Rab1 Bb4 17. a3 a5 18. Rb2 Nbd7 19. axb4 a4 20. Ra2 Qxb4 21. Rd1 Qxc4 22. Be4 Qxa2 23. Rxd7 Qe6 24. Qxe6 fxe6 25. Bb1 Nxd7 26. Ba2 b5 27. Bxe6+ Rf7 28. Bxf7+ Kxf7 29. Kf1 a3 30. Ke1 a2 31. Kd2 a1=Q 32. f4 exf4 33. gxf4 Qd4+ 34. Kc2 Ra2+ 35. Kb3 Qb2# 0-1

[Event "XVII Profigaia Open 2017"]
[Site "Gaia"]
[Date "2017.06.15"]
[Round "2"]
[White "Moreira, Rafael Mota"]
[Black "Sousa, Hugo Carneiro"]
[Result "0-1"]
[ECO "C01"]
[WhiteElo "1478"]
[BlackElo "1877"]
[Annotator "NA"]
[PlyCount "94"]
[EventDate "2017.??.??"]
[EventType "swiss"]
[EventCountry "POR"]
[SourceTitle "playchess.com"]
[Source "ChessBase"]
[SourceQuality "1"]
[TimeControl "5400+30"]

1. e4 e6 2. d4 d5 3. exd5 exd5 4. Nf3 Nf6 5. Bd3 c5 6. dxc5 Bxc5 7. Qe2+ {C01: French: Exchange Variation} (7. O-O O-O 8. Nc3 Nc6 9. Bg5 h6 10. Bh4 Be6 11. a3 Be7 12. Re1 Qb6 13. b4 a6 14. Rb1 Qc7 15. Bg3 Bd6 16. Bxd6 Qxd6 17. Na4 {½-½ (52) Spraggett,K (2539)-Del Rio de Angelis,S (2527) Figueira da Foz 2016}) 7... Be6 8. O-O O-O 9. Bg5 Nc6 10. Nc3 Re8 11. Qd1 $146 ({Predecessor:} 11. Qd2 Bb4 12. Qf4 Be7 13. Nb5 Rb8 14. c3 h6 15. Bxf6 Bxf6 {½-½ (33) Lopez de Turiso,J (2065)-Ramirez Garcia,J (2177) Madrid 2012}) 11... h6 12. Bh4 g5 13. Bg3 Bg4 14. Be2 Qd7 15. Ne5 Nxe5 16. Bxe5 Rxe5 17. Bxg4 Nxg4 18. Qf3 Qf5 19. Rae1 Qxf3 20. gxf3 Rxe1 21. fxg4 Rxf1+ 22. Kxf1 Rd8 23. Na4 b6 24. Nc3 Kg7 25. Nb5 a6 26. Nc7 a5 27. Nb5 Rd7 28. a3 Kg6 29. c3 Bd6 30. Kg2 Be5 31. h3 f5 32. f3 fxg4 33. hxg4 d4 34. cxd4 Bxd4 35. b4 axb4 36. axb4 Bb2 37. Kg3 Be5+ 38. Kf2 Bf4 39. Nc3 Rd2+ 40. Ke1 Rd4 41. b5 Bd2+ 42. Kf2 Bxc3 43. Kg3 Rb4 44. Kh3 Rb2 45. f4 gxf4 46. g5 h5 47. Kh4 Rh2# 0-1

[Event "XVII Profigaia Open 2017"]
[Site "Gaia"]
[Date "2017.06.15"]
[Round "2"]
[White "Clemente, Antonio"]
[Black "Jesus, Joao Pedro Mendes D"]
[Result "0-1"]
[ECO "A17"]
[WhiteElo "1393"]
[BlackElo "1868"]
[Annotator "NA"]
[PlyCount "60"]
[EventDate "2017.??.??"]
[EventType "swiss"]
[EventCountry "POR"]
[SourceTitle "playchess.com"]
[Source "ChessBase"]
[SourceQuality "1"]
[TimeControl "5400+30"]

1. c4 Nf6 2. Nc3 e6 3. d3 d5 {A17: English Opening: 1...Nf6 with ...Bb4} 4. cxd5 (4. Qc2 d4 5. Nd1 Nc6 6. g3 Bb4+ 7. Bd2 a5 8. Bg2 O-O 9. Nf3 e5 10. a3 Bc5 11. Bg5 {0-1 (51) Daudzvardis,J (2114)-Bernotas,A (2393) Riga 2017}) 4... exd5 5. d4 {LiveBook: 114 Games} c6 6. Nf3 Bd6 7. e3 Bg4 8. Be2 Qc7 $146 ({Predecessor:} 8... Nbd7 9. Nh4 Bxe2 10. Qxe2 g6 11. Nf3 {½-½ (59) Jakubowski,K (1334)-Petersohn,H (1688) Uckley 2000}) 9. h3 Bh5 10. a3 a5 11. b3 Nbd7 12. Bb2 Nf8 13. Rc1 (13. b4 $5) 13... Qe7 14. Ra1 (14. Nb1) 14... Ne6 15. O-O O-O (15... Bxf3 $5 16. Bxf3 Ng5 $11) 16. Re1 Nd7 17. Kh1 f5 18. Nb1 Nf6 19. Nbd2 Ne4 20. Nxe4 fxe4 21. Ne5 Bxe2 22. Qxe2 Bxe5 23. dxe5 Nc5 24. Qc2 Nd3 25. Rf1 Qh4 26. Kg1 $19 Rf5 27. Rad1 Raf8 28. Rd2 Rg5 29. Kh2 Rh5 30. e6 Rf3 0-1

[Event "XVII Profigaia Open 2017"]
[Site "Gaia"]
[Date "2017.06.15"]
[Round "2"]
[White "Camelo, Joao"]
[Black "Silva, Ana Ines Teixeira D"]
[Result "1-0"]
[ECO "B17"]
[WhiteElo "1300"]
[BlackElo "1775"]
[Annotator "NA"]
[PlyCount "101"]
[EventDate "2017.??.??"]
[EventType "swiss"]
[EventCountry "POR"]
[SourceTitle "playchess.com"]
[Source "ChessBase"]
[SourceQuality "1"]
[TimeControl "5400+30"]

1. e4 c6 2. d4 d5 3. Nc3 dxe4 4. Nxe4 Nd7 5. Nf3 Ngf6 6. Nxf6+ Nxf6 7. Bd3 Bg4 8. c3 e6 9. Bf4 Bd6 10. Bxd6 Qxd6 11. O-O O-O 12. h3 Bh5 13. Re1 Rfd8 14. g4 Bg6 15. Bxg6 hxg6 16. Qd2 c5 17. Rad1 Qd5 18. Qe2 Qxa2 19. dxc5 Qa5 20. Qc4 Qc7 21. Rd4 Rd5 22. Red1 Rxc5 23. Qb3 Rd5 24. c4 Rxd4 25. Rxd4 b6 26. Qe3 Nd7 27. Ng5 Re8 28. Qf3 Nf6 29. b3 e5 30. Rd2 e4 31. Qe3 Qe5 32. f3 Qa1+ 33. Kg2 exf3+ 34. Qxf3 Qe1 35. Rf2 Qe5 36. h4 Qe3 37. Qb7 Qe7 38. Qf3 Ne4 39. Re2 f5 40. gxf5 Nxg5 41. Rxe7 Nxf3 42. Rxe8+ Kf7 43. fxg6+ Kxe8 44. Kxf3 Ke7 45. Ke4 Kf6 46. b4 a5 47. c5 a4 48. cxb6 a3 49. b7 a2 50. b8=Q a1=Q 51. Qd6# 1-0

[Event "XVII Profigaia Open 2017"]
[Site "Gaia"]
[Date "2017.06.15"]
[Round "3"]
[White "Margarido, Jose Miguel Teixeir"]
[Black "Camelo, Joao"]
[Result "1-0"]
[ECO "B30"]
[WhiteElo "2038"]
[BlackElo "1300"]
[Annotator "NA RC"]
[PlyCount "49"]
[EventDate "2017.??.??"]
[EventType "swiss"]
[EventCountry "POR"]
[SourceTitle "playchess.com"]
[Source "ChessBase"]
[SourceQuality "1"]
[TimeControl "5400+30"]

1. e4 c5 2. Nf3 Nc6 3. b3 d6 4. Bb5 Bd7 5. O-O {[%emt 0:00:51] B50: Sicilian: 2...d6, Miscellaneous} Nf6 6. Re1 g6 7. Bb2 Bg7 8. h3 $146 ({Predecessor:} 8. d4 cxd4 9. Nxd4 O-O 10. Bxc6 bxc6 11. c4 c5 12. Nc2 a5 13. a4 Qb8 {0-1 (64) Gergacz,A (2417)-Groszpeter,A (2530) Zalakaros 2010}) 8... O-O 9. Bf1 Qc7 10. c3 Rad8 11. d3 Be8 (11... e5 $11) 12. c4 Nh5 13. Bxg7 Nxg7 14. d4 a6 (14... cxd4 $11 {keeps the balance.} 15. Nxd4 Ne6) 15. d5 Nb8 16. Nc3 e6 17. dxe6 ({White should try} 17. Qd2 $16) 17... Nxe6 (17... fxe6 $11 18. Qc1 Nc6) 18. Qd2 (18. Nd5 $16 Qa5 19. a3) 18... Kg7 (18... f6 $11 {keeps the balance.}) 19. Nd5 Qd7 20. e5 dxe5 $2 (20... Nc6 $1 $14) 21. Nxe5 Qd6 22. Ng4 f5 $18 {[%emt 0:06:35] [#]} (22... Qf4 $142 23. Qxf4 (23. Nxf4 Rxd2 24. Rxe6 h5 $16) 23... Nxf4 24. Nxf4 Nc6) 23. Rxe6 $1 Qxe6 24. Qc3+ Kg8 25. Nh6# 1-0

[Event "XVII Profigaia Open 2017"]
[Site "Gaia"]
[Date "2017.06.15"]
[Round "3"]
[White "De Souza Monteiro, Marcos Paulo"]
[Black "Fernandes, Tiago Joao Carneiro"]
[Result "1-0"]
[ECO "C68"]
[WhiteElo "1961"]
[BlackElo "1182"]
[Annotator "NA RC"]
[PlyCount "137"]
[EventDate "2017.??.??"]
[EventType "swiss"]
[EventCountry "POR"]
[SourceTitle "playchess.com"]
[Source "ChessBase"]
[SourceQuality "1"]
[TimeControl "5400+30"]

1. e4 e5 2. Nf3 Nc6 3. Bb5 a6 4. Bxc6 dxc6 5. Nc3 Nf6 6. O-O Bg4 {[%emt 0:00:16] C48: Four Knights: 4 Bb5, replies other than 4...Bb4} 7. h3 Bh5 8. Re1 (8. g4 Nxg4 9. hxg4 Bxg4 10. Kg2 Qf6 11. d3 h5 12. Rh1 h4 13. Rh3 g5 14. Qh1 Rg8 15. Ne1 Bxh3+ 16. Qxh3 g4 17. Qh1 h3+ 18. Kg3 Bc5 19. Be3 Rh8 {0-1 (19) Leveille,F (2360)-Sagalchik,G (2515) Montreal 1995}) 8... Bc5 9. d3 Qd7 $146 ({Predecessor:} 9... h6 10. g4 Bxg4 11. hxg4 Nxg4 12. Be3 Nxe3 13. fxe3 Qf6 14. Qe2 {1-0 (37) Moncayo Romero,E (2163)-Arosemena,B (1657) Istanbul 2012}) 10. g4 Nxg4 11. Nxe5 Nxe5 $2 (11... Bxf2+ $19 12. Kg2 Nxe5 13. Qxh5 Bxe1 14. Qxe5+ Qe6 15. Qxc7 Qg6+ 16. Kh2 Qh5) 12. Qxh5 Qe6 13. Bf4 Bd4 14. Bxe5 Bxe5 15. Qf5 Qd6 (15... O-O-O $5) 16. Kg2 ({Better is} 16. Ne2 $15) 16... g6 17. Qg5 h6 18. Qg4 h5 19. Qg5 Bf6 20. e5 Bxg5 21. exd6+ Kd7 ({Black should try} 21... Kd8 $11) 22. Ne4 Bh6 23. dxc7 (23. Nc5+ $16 Kxd6 24. Nxb7+ Kd7 25. Nc5+ Kd6 26. Ne4+ Ke7 27. Kf3) 23... Kxc7 24. h4 Bg7 25. c3 a5 26. Ng5 f6 27. Re7+ Kb6 28. Rxg7 fxg5 29. hxg5 h4 30. Rxg6 Rad8 31. d4 Rde8 32. Kf3 (32. Rf6 $142) 32... h3 (32... Rhf8+ $142 33. Rf6 Rxf6+ 34. gxf6 Rf8) 33. Rh1 h2 (33... Rhf8+ {keeps fighting.} 34. Kg3 Re2) 34. Rh6 Ref8+ 35. Kg3 Rhg8 36. f4 Re8 37. R1xh2 Re3+ 38. Kg4 Re1 39. R6h3 Rf8 40. g6 Rg8 41. f5 Re4+ 42. Kg5 Re1 43. Rh4 Kc7 44. f6 Rg1+ 45. Rg4 Rxg4+ 46. Kxg4 Rxg6+ 47. Kf5 Rg1 48. f7 Rf1+ 49. Kg6 Rg1+ 50. Kh7 Rf1 51. Kg8 Rg1+ 52. Kh8 Rf1 53. Rh7 Kd6 54. Kg8 Rg1+ 55. Rg7 Rf1 56. f8=Q+ Rxf8+ 57. Kxf8 b5 58. Rg5 Ke6 59. Re5+ Kd6 60. Kf7 b4 61. Rxa5 bxc3 62. bxc3 c5 63. Rxc5 Kd7 64. Rd5+ Kc6 65. Ke6 Kc7 66. Rd6 Kb7 67. Kd7 Ka7 68. Kc7 Ka8 69. Ra6# 1-0

[Event "XVII Profigaia Open 2017"]
[Site "Gaia"]
[Date "2017.06.15"]
[Round "3"]
[White "De Sousa Da Silva, Armando"]
[Black "Silva, Pedro Gil Ferreira "]
[Result "1-0"]
[ECO "A28"]
[WhiteElo "1926"]
[BlackElo "1592"]
[Annotator "NA RC"]
[PlyCount "95"]
[EventDate "2017.??.??"]
[EventType "swiss"]
[EventCountry "POR"]
[SourceTitle "playchess.com"]
[Source "ChessBase"]
[SourceQuality "1"]
[TimeControl "5400+30"]

1. c4 e5 2. Nc3 Nf6 3. Nf3 Nc6 4. e3 d6 5. d4 Bg4 6. d5 {[%emt 0:07:02] LiveBook: 7 Games} Nb8 {[%emt 0:01:16] A28: English Opening: Four Knights Variation} 7. e4 (7. Be2 Be7 8. Qb3 Qc8 9. h3 Bh5 10. e4 O-O 11. Be3 Nbd7 12. g4 Bg6 13. Nd2 c6 14. h4 {0-1 (43) Vaisser,A (2573)-Zarnicki,P (2513) playchess.com INT 2004}) 7... Nbd7 8. Bd3 Nc5 9. Bc2 a5 10. Be3 Nfd7 11. h3 Bh5 12. g4 Bg6 13. Qe2 $146 ({Predecessor:} 13. h4 h6 14. Qe2 {1-0 (67) Bernal Moro,L (2435)-Sanchez Dengra,B (1869) La Massana 2015}) 13... Na6 14. Ba4 h6 15. c5 Rb8 16. a3 Be7 17. Qb5 Qc8 18. O-O-O ({Stronger than} 18. Qxa5 c6 $15) 18... b6 19. cxb6 cxb6 20. Nd2 Bd8 21. Kb1 Ke7 22. Rc1 Qb7 23. Qe2 Nac5 24. Bc6 Qa6 25. Bb5 Qa7 26. h4 Nf6 27. f3 Kf8 28. Ka2 Qe7 29. h5 Bh7 30. Bc6 Nfd7 31. Nb5 Qf6 (31... a4 $142 32. Nc4 Nb3) 32. g5 hxg5 33. Rcg1 Qh6 34. Nc4 Be7 35. Qg2 f6 36. Qg4 Rd8 37. Nbxd6 Bxd6 38. Nxd6 Nb8 39. Bxc5 bxc5 40. Nb7 ({Inferior is} 40. Qe6 Bg8 $11) 40... Nxc6 41. dxc6 Re8 42. c7 Bg8+ 43. Ka1 Be6 {[%emt 0:00:07] [#]} 44. Qxe6 $1 Rxe6 45. c8=Q+ Re8 46. Qxc5+ Kg8 47. Nd6 Re7 48. Nf5 1-0

[Event "XVII Profigaia Open 2017"]
[Site "Gaia"]
[Date "2017.06.15"]
[Round "3"]
[White "Moura, Paulo Jorge Alves B"]
[Black "Moreira, Rafael Mota"]
[Result "1/2-1/2"]
[ECO "A05"]
[WhiteElo "1913"]
[BlackElo "1478"]
[Annotator "NA RC"]
[PlyCount "76"]
[EventDate "2017.??.??"]
[EventType "swiss"]
[EventCountry "POR"]
[SourceTitle "playchess.com"]
[Source "ChessBase"]
[SourceQuality "1"]
[TimeControl "5400+30"]

1. Nf3 Nf6 2. e3 Nc6 3. c4 d5 4. Nc3 Bf5 5. cxd5 Nxd5 6. Nxd5 Qxd5 7. a3 Bg4 8. Be2 e6 9. O-O Bd6 10. d4 (10. h3 $5 Bh5 11. d3 $11) 10... Qh5 11. g3 e5 12. Re1 exd4 13. Nxd4 Bxe2 14. Qxe2 Qxe2 15. Nxe2 O-O 16. b4 Be5 17. Rb1 Rfd8 18. f4 Bf6 19. Bb2 Bxb2 20. Rxb2 Rd3 21. b5 Ne7 22. Rc2 Rc8 23. Rc3 Rxc3 24. Nxc3 Rd8 25. Rd1 Rxd1+ 26. Nxd1 Nd5 27. e4 Nb6 28. Nc3 Nc4 29. a4 Nb6 30. Kf2 Kf8 31. e5 Ke7 32. f5 (32. Ke3 $14 {keeps the upper hand.}) 32... Nc4 33. Nd5+ Kd7 34. e6+ $1 fxe6 35. fxe6+ $2 (35. f6 $1 $11 gxf6 36. Nxf6+ Ke7 37. Nxh7) 35... Kxe6 36. Nxc7+ Kd7 37. Nd5 {[%emt 0:00:56] [#]} Nb2 (37... Kd6 $1 $19 38. Nf4 Kc5) 38. Nc3 (38. Ke3 $17) 38... Nd3+ $11 (38... Kd6 $17 39. Ke3 Kc5) 1/2-1/2

[Event "XVII Profigaia Open 2017"]
[Site "Gaia"]
[Date "2017.06.15"]
[Round "3"]
[White "Sousa, Hugo Carneiro"]
[Black "Pintor, Simao Maciel Abranc"]
[Result "1-0"]
[ECO "B23"]
[WhiteElo "1877"]
[BlackElo "2022"]
[Annotator "NA RC"]
[PlyCount "143"]
[EventDate "2017.??.??"]
[EventType "swiss"]
[EventCountry "POR"]
[SourceTitle "playchess.com"]
[Source "ChessBase"]
[SourceQuality "1"]
[TimeControl "5400+30"]

1. e4 c5 2. Nc3 Nc6 3. f4 g6 4. Nf3 Bg7 5. Bb5 Nd4 6. O-O Nxb5 7. Nxb5 d5 8. e5 Nh6 {[%emt 0:02:11] B23: Closed Sicilian: Lines without g3} (8... a6 9. Nc3 e6 10. d4 cxd4 11. Ne2 Ne7 12. Nexd4 O-O 13. Be3 f6 14. Qd2 Qc7 15. Rae1 fxe5 16. Nxe5 Nf5 17. Nxf5 Rxf5 {1-0 (27) Slipak,S (2456)-Quintiliano Pinto,R (2443) Buenos Aires 2016}) 9. d4 cxd4 10. Qxd4 O-O 11. Nc3 e6 12. Nd1 $146 ({Predecessor:} 12. b3 Bd7 13. Bb2 Nf5 {½-½ (13) Zilberman,P (2191)-Schmall,J (2350) Germany 2005}) 12... Nf5 13. Qd3 Qb6+ 14. Be3 Nxe3 15. Qxe3 Qxe3+ 16. Nxe3 f6 17. c3 b6 (17... fxe5 $1 $11 18. Nxe5 b6) 18. Nc2 (18. exf6 $14 Bxf6 19. Rad1) 18... fxe5 19. fxe5 Ba6 20. Rf2 Rae8 21. Ncd4 Bh6 22. Re1 Bd3 23. a3 Be4 24. Ree2 a6 25. Re1 b5 26. Ree2 Rf7 27. Re1 Bd3 28. Kh1 (28. Rd1 $5 Be4 29. Re2 $15) 28... g5 29. g4 Rf4 30. h3 Ref8 31. Kg2 Be4 32. Kg3 (32. Re3 $5 ) 32... Bg7 33. Ref1 Bxf3 34. Nxf3 h6 35. Re1 Re4 36. Rfe2 Rff4 37. Kg2 a5 38. Rxe4 dxe4 39. Nd2 Bxe5 40. Rxe4 Rxe4 41. Nxe4 Bf4 42. b3 Kf7 43. Kf3 Ke7 44. Ke2 a4 45. bxa4 bxa4 46. Kd3 Bd6 ({Black should try} 46... Kd7 $11) 47. Kc4 Bxa3 48. Kb5 e5 $2 (48... Kd7 $14) 49. Kxa4 Bb2 50. c4 Bd4 {[%emt 0:00:26] [#]} 51. Kb5 $2 (51. Kb3 $1 $18) 51... Kd7 {[%emt 0:00:50] [#]} 52. c5 (52. Kb4 $1 $16) 52... Kc7 53. c6 Ba7 54. Nf6 Kc8 $2 {[%emt 0:04:51] [#]} (54... Bg1 $11) 55. Kc4 $1 Bg1 56. Kd5 Kc7 57. Ne8+ Kd8 58. Nd6 Kc7 59. Nb5+ Kb6 60. c7 Kb7 61. Kxe5 Bh2+ 62. Kf5 Kc8 63. Kg6 Kd7 64. Kxh6 Bf4 65. Kh5 Kc8 66. h4 gxh4 67. Kxh4 Bxc7 68. Nxc7 Kxc7 69. Kh5 Kd7 70. Kh6 Ke7 71. g5 Kf7 72. Kh7 1-0

[Event "XVII Profigaia Open 2017"]
[Site "Gaia"]
[Date "2017.06.15"]
[Round "3"]
[White "Jesus, Joao Pedro Mendes D"]
[Black "Oliveira, Maria Elisa Ramos M"]
[Result "1-0"]
[ECO "C54"]
[WhiteElo "1868"]
[BlackElo "1137"]
[Annotator "NA RC"]
[PlyCount "103"]
[EventDate "2017.??.??"]
[EventType "swiss"]
[EventCountry "POR"]
[SourceTitle "playchess.com"]
[Source "ChessBase"]
[SourceQuality "1"]
[TimeControl "5400+30"]

1. e4 e5 2. Nf3 Nc6 3. Bc4 Bc5 4. c3 Nf6 5. d3 O-O 6. b4 Bb6 7. a4 a6 8. Qb3 {[%emt 0:00:07] C54: Giuoco Piano: 4 c3 Nf6, main lines with 5 d4 and 5 d3} (8. Bg5 d6 9. Nbd2 h6 10. Bh4 Be6 11. O-O Qe7 12. Re1 Ba7 13. a5 Nb8 14. d4 Nbd7 15. h3 c6 {1-0 (42) Wei,Y (2629)-Zhou,W (2606) China 2014}) 8... h6 9. Ba3 Ne7 $146 ({Predecessor:} 9... d6 10. Qa2 Bd7 11. h3 Ne7 12. a5 Ba7 13. Bb3 Ng6 14. g3 Qc8 {1-0 (36) Bermann,Y (1057)-Mueller,M (1429) Stade 2007}) 10. Nxe5 Qe8 11. Nxf7 Rxf7 12. Bxf7+ Qxf7 13. Qxf7+ Kxf7 14. Nd2 Ng4 15. O-O d6 16. Nf3 Bd7 17. a5 Ba7 18. h3 Nf6 19. e5 dxe5 ({Black should try} 19... Nfd5 $17 20. b5 axb5 21. exd6 cxd6 22. Bxd6 Nxc3) 20. Nxe5+ Ke8 ({Better is} 20... Kf8 $14) 21. Nxd7 (21. Rfe1 $16) 21... Kxd7 22. Bb2 g6 23. c4 Rf8 24. Rfe1 ({White should try} 24. Rae1 $11) 24... Nf5 (24... Nfd5 $1 $15 25. d4 (25. cxd5 Bxf2+ 26. Kh2 Bxe1 $15) 25... Nxb4) 25. Re2 (25. d4 $5) 25... Ng3 (25... Nd4 $11 26. Bxd4 Bxd4) 26. Re5 Re8 (26... Nf5 $11) 27. Rxe8 (27. c5 $16 Ngh5 28. Rxe8 Nxe8 29. Bc1) 27... Nxe8 28. c5 Ne2+ 29. Kf1 Nf4 30. Be5 Nd5 31. Ke2 Nxb4 32. d4 Nc6 (32... b6 $11) 33. Bh8 (33. f4 $16) 33... Ke6 34. Kd3 Nf6 {[%emt 0:04:48] [#]} ({Black should try} 34... b5 $14) 35. d5+ $4 (35. Re1+ $1 $18 {is the narrow road to win.} Kf7 36. Bxf6 Kxf6 37. Re8) 35... Nxd5 36. Re1+ (36. Kc4 $17 Nf4 37. Bc3) 36... Kd7 37. Ke4 Ncb4 38. Bd4 c6 (38... Nc2 $19 39. Rd1 Nxd4 40. Kxd4 Ne7 41. Ke5+ Ke8) 39. f4 {[%emt 0:02:08] [#]} (39. Rf1 $142) 39... Nxf4 $1 40. Rf1 Nxg2 $2 (40... Ne6 $19 41. Rf7+ Kc8) 41. Rf7+ Kc8 $16 42. Rg7 (42. Rf8+ $16 Kd7 43. Ra8 Bxc5 44. Bxc5) 42... Nh4 (42... Nc2 $11 {remains equal.}) 43. Bf2 $2 (43. Rg8+ $16 Kd7 44. Ra8 Bxc5 45. Bxc5) 43... g5 44. Rh7 (44. Rg8+ Kc7) 44... Bxc5 $2 (44... Nd5 $11 45. Rxh6 Nc3+ 46. Kd3 Na4 47. Rh8+ Kd7) 45. Bxc5 Nd5 46. Rxh6 Ng2 47. Rg6 Nc3+ $2 (47... Ngf4 {is a better defense.} 48. Rxg5 Ne6 49. Rg8+ Kd7) 48. Ke5 Nh4 49. Rg8+ Kd7 50. Rg7+ Kc8 51. Ke6 Ne4 52. Bb6 1-0

[Event "XVII Profigaia Open 2017"]
[Site "Gaia"]
[Date "2017.06.15"]
[Round "3"]
[White "Jesus, Joao Pedro Mendes D"]
[Black "Araujo, Jose Verissimo"]
[Result "0-1"]
[ECO "D52"]
[WhiteElo "1868"]
[BlackElo "1809"]
[Annotator "NA RC"]
[PlyCount "104"]
[EventDate "2017.??.??"]
[EventType "swiss"]
[EventCountry "POR"]
[SourceTitle "playchess.com"]
[Source "ChessBase"]
[SourceQuality "1"]
[TimeControl "5400+30"]

1. d4 d5 2. c4 e6 3. Nc3 Nf6 4. Bg5 c6 5. e3 Nbd7 6. Nf3 Qa5 7. Qb3 {[%emt 0:16:05] LiveBook: 18 Games} Ne4 8. Bf4 Nxc3 $146 {[%emt 0:13:02] D52: Queen's Gambit Declined: Cambridge Springs Variation} ({Predecessor:} 8... Bb4 9. Rc1 Bxc3+ 10. bxc3 g5 11. Bg3 h5 12. h3 Nxg3 13. fxg3 Qc7 14. Kf2 Rg8 15. Nd2 h4 16. g4 {1-0 (40) Zhao,X (2552)-Stefanova,A (2489) Khanty-Mansiysk 2014}) 9. bxc3 dxc4 10. Bxc4 Nb6 11. Bc7 Qa3 12. Qxa3 Bxa3 13. Bxb6 axb6 14. Kd2 b5 15. Bd3 b4 16. c4 Bb2 17. Kc2 Bxa1 18. Rxa1 O-O 19. c5 Ra3 20. Be2 {[%emt 0:01:37] [#]} b3+ $1 21. Kb2 Rxa2+ 22. Rxa2 bxa2 23. Kxa2 Bd7 24. Ne5 Ra8+ 25. Kb2 Be8 26. Nc4 Kf8 27. Nb6 Ra5 28. Bc4 e5 29. Bb3 exd4 30. exd4 f6 31. Ba4 Bf7 32. Kc3 Ke7 33. Kb4 Ra6 34. Nc8+ Kf8 35. Nb6 Be6 36. Kc3 Kf7 37. Kd3 f5 38. Ke3 g5 39. f4 h6 40. g3 Kf6 41. Kf3 Kg6 42. Ke3 {[%emt 0:01:04] [#]} Bb3 $1 43. Bxb3 Ra3 44. fxg5 hxg5 45. d5 Rxb3+ 46. Kd4 cxd5 47. Kxd5 Rd3+ 48. Ke5 Rd2 49. h4 Re2+ 50. Kd6 f4 51. gxf4 gxf4 52. Nd5 Rd2 0-1